 Seeded DCSS version 0.30.1 (webtiles) character file.

Game seed: 7229806256980976716 (custom seed)

609 McKennaii the Conjurer (level 6, -2/45 HPs)
             Began as a Demigod Conjurer on July 12, 2023.
             Slain by a wyvern zombie (6 damage)
             ... in an ossuary.
             The game lasted 00:04:19 (4288 turns).

McKennaii the Conjurer (Demigod Conjurer)           Turns: 4288, Time: 00:04:19

Health: -2/45      AC:  6    Str:  8    XL:     6   Next: 99%
Magic:  8/16       EV: 12    Int: 28    God:
Gold:   148        SH:  0    Dex: 12    Spells: 7/14 levels left

rFire   + . .        f - +3 Elemental Staff {rElec rF+ rC+ AC+3}
rCold   + . .        (no shield)
rNeg    . . .        a - +0 robe
rPois   .            (no helmet)
rElec   +            (no cloak)
rCorr   .            q - +0 pair of gloves
SInv    .            (no boots)
Will    .....        (no amulet)
Stlth   ++           (no ring)
HPRegen 0.27/turn    (no ring)
MPRegen 0.15/turn

%: no passive effects
@: no status effects
A: high MP 1, forlorn, divine attributes
a: no special abilities


You were in an ossuary.
You visited 1 branch of the dungeon, and saw 4 of its levels.
You also visited: Ossuary.

You collected 148 gold pieces.

Inventory:

Hand Weapons
 f - the +3 Elemental Staff (weapon) {rElec rF+ rC+ AC+3}
   (You acquired it on level 1 of the Dungeon)

   It enhances your fire, ice, earth and air magic.
   AC:        It affects your AC (+3).
   rF:        It protects you from fire.
   rC:        It protects you from cold.
   rElec:     It insulates you from electricity.
Missiles
 c - a throwing net
Armour
 a - a +0 robe (worn)
 q - a +0 pair of gloves (worn)
Scrolls
 d - 3 scrolls of amnesia {unknown}
 e - 2 scrolls of acquirement
 g - a scroll of teleportation {unknown}
 i - 2 scrolls of blinking {unknown}
 j - 6 scrolls of identify {unknown}
 k - a scroll of enchant armour {unknown}
 p - a scroll of poison {unknown}
 s - a scroll of brand weapon {unknown}
Potions
 b - a potion of magic
 h - 2 potions of mutation {unknown}
 l - a potion of might {unknown}
 m - 2 potions of curing {unknown}
 n - 2 potions of brilliance {unknown}
 o - a potion of invisibility {unknown}
 r - a potion of cancellation {unknown}
 t - 2 potions of flight {unknown}


   Skills:
 - Level 1.7 Dodging
 - Level 1.7 Stealth
 + Level 4.9 Spellcasting
 + Level 6.2 Conjurations


You had 7 spell levels left.
You knew the following spells:

 Your Spells              Type           Power      Damage    Failure   Level
a - Magic Dart            Conj           100%       1d8       1%          1
b - Searing Ray           Conj           82%        2d7       1%          2
c - Iskenderun's Mystic   Conj/Tloc      24%        2d7       19%         4

Your spell library contained the following spells:

 Spells                   Type           Power      Damage    Failure   Level
 Dazzling Flash           Conj/Hex       48%        N/A       5%          3
 Mephitic Cloud           Conj/Pois/Air  27%        N/A       9%          3
 Cigotuvi's Dreadful Rot  Necr/Pois/Air  20%        N/A       11%         2
 Poisonous Vapours        Pois/Air       20%        N/A       11%         2
 Fulminant Prism          Conj/Hex       12%        3d8       19%         4
 Dispel Undead            Necr           6%         3d8       56%         4
 Freezing Cloud           Conj/Ice/Air   20%        6-21      63%         5
 Death Channel            Necr           3%         N/A       100%        6


Dungeon Overview and Level Annotations

Branches:
Dungeon (4/15)            Ossuary (1/1)
 Temple: D:4-7

Annotations:
D:3 3 runed translucent doors, MartinW's ghost, amateur DsFE


Innate Abilities, Weirdness & Mutations

You have an increased reservoir of magic. (+10% MP)
You shall have no god before yourself.
Your divine heritage dramatically boosts your attributes as you level up.


Message History

A wyvern zombie is nearby!
The magic dart hits the wyvern zombie.
The wyvern zombie is lightly damaged.
The wyvern zombie bites you but does no damage.
The magic dart hits the wyvern zombie.
The wyvern zombie is lightly damaged.
The wyvern zombie bites you. x2
A wyvern zombie is nearby!
The magic dart hits the wyvern zombie!
The wyvern zombie is moderately damaged.
The wyvern zombie misses you.
A wyvern zombie is nearby!
The magic dart hits the wyvern zombie but does no damage.
The wyvern zombie is moderately damaged.
The wyvern zombie barely misses you.
Casting: Magic Dart (safe; 1% risk of failure)
Confirm with . or Enter, or press ? or * to list all spells.
Aiming: Searing Ray (safe; 1% risk of failure)
Press: ? - help, Shift-Dir - straight line, f/p - wyvern zombie
Aim: a wyvern zombie (moderately damaged, 94% to hit)
The searing ray hits the wyvern zombie.
The wyvern zombie is moderately damaged. (Press . to maintain the ray.)
The wyvern zombie bites you! x2
The searing ray misses the wyvern zombie.
The wyvern zombie barely misses you.
The searing ray hits the wyvern zombie.
The wyvern zombie is heavily damaged.
The wyvern zombie closely misses you.
The searing ray hits the wyvern zombie.
The wyvern zombie is heavily damaged.
You finish channelling your searing ray.
The wyvern zombie bites you.
* * * LOW HITPOINT WARNING * * *
The wyvern zombie bites you!
* * * LOW HITPOINT WARNING * * *
The wyvern zombie barely misses you.
The wyvern zombie attacks as you move away!
The wyvern zombie bites you.
You die...

+#+## ..'
#####.###
#...#.'.#
#.∩.'.###
#∩..#@Z.#
#####.###
'.+ ##.#
#.' '.#
#.' #.#


You could see a wyvern zombie.

Vanquished Creatures
  A scorpion (D:4)
  A water moccasin zombie (Ossuary)
  A centaur zombie (Ossuary)
  A bullfrog zombie (Ossuary)
  A jelly (D:2)
  A sleepcap (D:4)
  2 killer bee zombies (Ossuary)
  11 mummies
  2 howler monkey zombies (Ossuary)
  5 adders
  An ufetubus (D:3)
  3 worms
  4 endoplasms
  5 giant cockroaches
  3 goblins
  8 hobgoblins
  20 jackals
  A kobold (D:4)
  4 quokkas
  6 ball pythons
  5 bats
  A frilled lizard (D:1)
  4 rats
91 creatures vanquished.

Notes
Turn   | Place    | Note
-------+----------+-------------------------------------------
     0 | D:1      | McKennaii the Demigod Conjurer began the quest for the Orb.
     0 | D:1      | Reached XP level 1. HP: 14/14 MP: 5/5
   118 | D:1      | Identified 3 scrolls of acquirement
   118 | D:1      | Acquired the +3 Elemental Staff {rElec rF+ rC+ AC+3}
   118 | D:1      | Found the +3 Elemental Staff {rElec rF+ rC+ AC+3}
   351 | D:1      | Reached XP level 2. HP: 20/20 MP: 3/7
   481 | D:1      | Reached skill level 4 in Conjurations
  1033 | D:1      | Learned a level 2 spell: Searing Ray
  1331 | D:2      | Reached XP level 3. HP: 26/26 MP: 0/9
  2153 | D:2      | Reached XP level 4. HP: 33/33 MP: 6/11
  2300 | D:2      | Learned a level 4 spell: Iskenderun's Mystic Blast
  2640 | D:3      | Found a runed translucent gate.
  2640 | D:3      | Found a runed translucent gate.
  2640 | D:3      | Found a runed translucent gate.
  2648 | D:3      | Noticed MartinW's ghost (amateur DsFE)
  3277 | D:4      | Reached skill level 5 in Conjurations
  3277 | D:4      | Reached XP level 5. HP: 29/38 MP: 0/13
  3639 | D:4      | Found a sand-covered staircase.
  3686 | Ossuary  | Entered an ossuary
  3735 | Ossuary  | Reached XP level 6. HP: 37/45 MP: 1/15
  4035 | Ossuary  | Reached skill level 6 in Conjurations
  4288 | Ossuary  | Slain by a wyvern zombie

Illustrated notes

Levels and vault maps discovered:
D:1:      spicycebolla_arrival_ecumenical, layout_loops_ring
D:2:      layout_basic
D:3:      layout_rooms, mainiacjoe_overflow_paths, gammafunk_ghost_necromancy
D:4:      layout_rooms, tso_metal_star, mainiacjoe_overflow_catwalk,
          elyvilon_altar_5, minmay_temple_entry_stoned_glass,
          nicolae_ossuary_entry_giza, minmay_misc_feat_square, minivault_4
Ossuary:  ossuary_zaba_flooded

Skill      XL: |  1  2  3  4  5  6 |
---------------+-------------------+-----
Spellcasting   | 2 3 4 |  4.9
Conjurations   | 4 5 6 |  6.2
Dodging        | |  1.7
Stealth        | |  1.7

Action                     |  1- 3 |  4- 6 || total
---------------------------+-------+-------++-------
  Melee: Staff             |    11 |    43 ||    54
   Cast: Magic Dart        |    96 |    94 ||   190
         Searing Ray       |     1 |    20 ||    21
    Use: Scroll            |     1 |       ||     1
 Armour: Robe              |     8 |    18 ||    26
  Dodge: Dodged            |    12 |    52 ||    64
